 Dungeon Crawl Stone Soup version 0.18.1-5-g4a78601 (webtiles) character file.

3384 Mefis the Magician (level 9, 0/49 HPs)
             Began as a Deep Elf Wizard on May 15, 2016.
             Was an Initiate of Sif Muna.
             Slain by an orc warrior
             ... wielding a +0 halberd
              (21 damage)
             ... on level 7 of the Dungeon.
             The game lasted 00:30:45 (12515 turns).

Mefis the Magician (Deep Elf Wizard)               Turns: 12515, Time: 00:30:45

Health: 0/49       AC:  6    Str:  4    XL:     9   Next: 74%
Magic:  4/22       EV: 15    Int: 27    God:    Sif Muna [......]
Gold:   665        SH:  0    Dex: 13    Spells: 7 memorised, 8 levels left

rFire  . . .     SeeInvis .     h - staff of poison
rCold  . . .     Gourm    .     a - +0 robe
rNeg   . . .     Faith    .     (no shield)
rPois  +         Spirit   .     b - +0 hat
rElec  .         Dismiss  .     k - +0 cloak
rCorr  .         Reflect  .     (no gloves)
SustAt .         Harm     .     q - +0 pair of boots
MR     .....                    (no amulet)
Stlth  ++++......               z - ring of stealth
                                l - +2 ring of protection

@: not resistant to hostile enchantments, stealthy
A: no striking features
a: Renounce Religion


You were on level 7 of the Dungeon.
You worshipped Sif Muna.
Sif Muna was noncommittal.
You were very hungry.

You visited 2 branches of the dungeon, and saw 8 of its levels.
You also visited: Sewer and Bailey.

You collected 665 gold pieces.

Inventory:

Hand Weapons
 B - a +2 dagger of flaming
 I - the +5 hand axe of Fituniz {flame, rF- Str+5}
   (You found it on level 4 of the Dungeon)

   It has been specially enchanted to burn those struck by it, causing extra
   injury to most foes and up to half again as much damage against particularly
   susceptible opponents.
   Big, fiery blades are also staple armaments of hydra-hunters.
   It affects your strength (+5).
   It makes you vulnerable to fire.
 O - a +1 shortbow of flaming
Missiles
 f - 137 arrows
 G - 26 poisoned needles
 S - 32 tomahawks of returning (quivered)
Armour
 a - a +0 robe (worn)
 b - a +0 hat (worn)
 k - a +0 cloak (worn)
 q - a +0 pair of boots (worn)
 F - a +2 leather armour of fire resistance
Magical Staves
 h - an uncursed staff of poison (weapon)
Jewellery
 l - a +2 ring of protection (left hand)
 y - an uncursed ring of resist corrosion
 z - a ring of stealth (right hand)
 D - an uncursed ring of fire
 Y - a +3 ring of dexterity {unknown}
Wands
 m - a wand of slowing (13/48)
 N - a wand of slowing (23/48)
Scrolls
 g - 3 scrolls of recharging
 j - 4 scrolls of immolation
 n - 2 scrolls of teleportation
 p - a scroll of magic mapping
 r - a scroll of noise
 s - 2 scrolls of fog
 t - 2 scrolls of blinking {unknown}
 u - 4 scrolls of remove curse
 A - 2 scrolls of enchant weapon {unknown}
 E - 2 scrolls of fear {unknown}
 Q - a scroll of silence {unknown}
 W - a scroll of random uselessness {unknown}
Potions
 e - a potion of cancellation {unknown}
 i - 4 potions of agility {unknown}
 o - 2 potions of might {unknown}
 v - 2 potions of curing {unknown}
 x - 2 potions of lignification {unknown}
 C - a potion of haste {unknown}
 J - a potion of mutation {unknown}
 K - 2 potions of magic {unknown}
 M - 3 potions of flight
 P - 2 potions of brilliance {unknown}
 R - 2 potions of degeneration {unknown}
 T - a potion of experience {unknown}
 Z - a potion of cure mutation {unknown}
Books
 c - a book of Minor Magic

   Spells                             Type                      Level
   a - Magic Dart                     Conjuration                  1
   b - Blink                          Translocation                2
   c - Call Imp                       Summoning                    2
   d - Repel Missiles                 Charms/Air                   2
   e - Slow                           Hexes                        2
   f - Conjure Flame                  Conjuration/Fire             3
   g - Mephitic Cloud                 Conjuration/Poison/Air       3
Miscellaneous
 H - a plain deck of changes
 U - a plain deck of wonders
 V - an ornate deck of changes
Comestibles
 d - 6 bread rations
 w - 2 slices of pizza
 L - 3 meat rations
 X - 2 fruits


   Skills:
 + Level 2.9 Fighting
 + Level 3.0 Axes
 + Level 5.9 Dodging
 + Level 6.3 Stealth
 + Level 7.6 Spellcasting
 + Level 6.4 Conjurations
 + Level 1.6 Hexes
 + Level 4.7 Summonings
 - Level 1.1 Translocations
 + Level 4.3 Fire Magic
 * Level 5.1 Poison Magic
 + Level 0.2 Invocations


You had 8 spell levels left.
You knew the following spells:

 Your Spells              Type           Power        Failure   Level  Hunger
a - Magic Dart            Conj           ####         1%          1    None
b - Call Imp              Summ           #####...     1%          2    None
c - Blink                 Tloc           N/A          6%          2    None
d - Repel Missiles        Chrm/Air       ##....       12%         2    None
e - Mephitic Cloud        Conj/Pois/Air  #####...     3%          3    None
f - Conjure Flame         Conj/Fire      #####...     1%          3    None
g - Slow                  Hex            ###.....     4%          2    None


Dungeon Overview and Level Annotations

Branches:
Dungeon (7/15)             Temple (1/1) D:6

Altars:
Ashenzari
Cheibriados
Dithmenos
Elyvilon
Gozag
Kikubaaqudgha
Makhleb
Nemelex Xobeh
Okawaru
Pakellas
Qazlal
Ru
Sif Muna
Trog
Vehumet
Xom
Yredelemnul
Zin
The Shining One


Message History

Aim: an orc warrior, wielding a halberd and wearing a chain mail (severely wounded, confused)
The magic dart hits the orc warrior.
The orc warrior is severely wounded.
Casting: Magic Dart
Confirm with . or Enter, or press ? or * to list all spells.
Aiming: Magic Dart
Press: ? - help, Shift-Dir - straight line, f/p - orc warrior
Aim: an orc warrior, wielding a halberd and wearing a chain mail (heavily wounded, confused)
The magic dart hits the orc warrior.
The orc warrior is heavily wounded.
The orc warrior seems less confused.
Casting: Magic Dart
Confirm with . or Enter, or press ? or * to list all spells.
Aiming: Magic Dart
Press: ? - help, Shift-Dir - straight line, f/p - orc warrior
Aim: an orc warrior, wielding a halberd and wearing a chain mail (heavily wounded)
The magic dart hits the orc warrior.
The orc warrior is severely wounded.
The orc warrior hits you from afar with a halberd!!
You die...

*,#.# *.#.# #.#.#
#.#.# #.#$#
########## #.#.#
.........#####.#o#
####...........#.#
#...≈≈≈≈≈≈).#@#
#.#.≈##)##≈.#.#
#...≈#).)#≈.).#
###.≈#.∩.#≈..##
#.≈#)..#≈..# ####
#.≈#####≈..# ...#
#.≈≈≈≈≈)≈).# ##.#
#..........# #.#
#####.##[#.#


You could see an orc warrior.

Vanquished Creatures
  Sigmund (D:5)
  Eustachio (D:4)
  Edmund (D:5)
  Purgy (Sewer)
  7 orc warriors
  A sky beast (D:6)
  4 ogres
  A phantom (D:6)
  2 black bears
  A centaur (D:5)
  3 giant frogs
  2 scorpions
  2 howler monkeys
  A crimson imp (D:5)
  2 centaur zombies
  A hound (D:4)
  5 orc priests
  5 orc wizards
  Crazy Yiuf (D:5)
  7 worker ants
  A hound zombie (D:5)
  2 hound skeletons
  A worker ant zombie (D:6)
  10 gnolls
  9 adders
  3 shadow imps
  An ooze (D:1)
  An adder zombie (D:7)
  4 worms
  A dart slug (D:2)
  5 giant geckos
  28 orcs
  14 bats
  5 giant cockroaches
  14 goblins
  9 hobgoblins
  10 jackals
  17 kobolds
  5 quokkas
  A ball python (D:4)
  6 giant newts
  2 jackal skeletons
  A quokka skeleton (D:4)
  8 rats
207 creatures vanquished.

Vanquished Creatures (collateral kills)
  2 orc warriors (Bailey)
  An orc (Bailey)
  2 kobolds (Bailey)
5 creatures vanquished.

Grand Total: 212 creatures vanquished

Notes
Turn   | Place    | Note
--------------------------------------------------------------
     0 | D:1      | Mefis the Deep Elf Wizard began the quest for the Orb.
     0 | D:1      | Reached XP level 1. HP: 10/10 MP: 7/7
   307 | D:1      | Reached XP level 2. HP: 15/15 MP: 7/9
   879 | D:2      | Learned a level 2 spell: Call Imp
   882 | D:2      | Learned a level 2 spell: Blink
   885 | D:2      | Learned a level 2 spell: Repel Missiles
   950 | D:2      | Reached XP level 3. HP: 19/19 MP: 2/11
  1046 | D:2      | Learned a level 3 spell: Mephitic Cloud
  1329 | D:2      | Found a radiant altar of Vehumet.
  1358 | D:2      | Found an opulent altar of Gozag.
  1443 | D:2      | Found a shimmering altar of Xom.
  1897 | D:2      | Reached skill level 5 in Spellcasting
  2131 | D:2      | Reached XP level 4. HP: 24/24 MP: 10/13
  2272 | D:2      | Reached skill level 1 in Poison Magic
  2578 | D:3      | Found a basalt altar of Yredelemnul.
  2751 | D:3      | Found a glowing drain.
  2769 | Sewer    | Entered a sewer
  2905 | Sewer    | Noticed Purgy
  2913 | Sewer    | Learned a level 3 spell: Conjure Flame
  2972 | Sewer    | Killed Purgy
  2972 | Sewer    | Reached XP level 5. HP: 24/28 MP: 3/14
  3329 | D:3      | Found a sparkling altar of Nemelex Xobeh.
  3616 | D:4      | Reached XP level 6. HP: 32/32 MP: 11/16
  3623 | D:4      | Reached skill level 1 in Fire Magic
  4026 | D:4      | Got a jewelled hand axe
  4027 | D:4      | Identified the +5 hand axe of Fituniz {flame, rF- Str+5} (You found it on level 4 of the Dungeon)
  4207 | D:4      | Noticed Eustachio
  6114 | D:4      | Reached skill level 1 in Axes
  6114 | D:4      | Reached XP level 7. HP: 37/37 MP: 3/17
  6137 | D:5      | Entered Level 5 of the Dungeon
  6137 | D:5      | Noticed Sigmund
  6294 | D:4      | Killed Eustachio
  6294 | D:4      | Reached skill level 1 in Fighting
  6294 | D:4      | Reached skill level 6 in Spellcasting
  6582 | D:5      | Found a bloodstained altar of Trog.
  6970 | D:5      | Noticed Crazy Yiuf
  6978 | D:5      | Killed Crazy Yiuf
  7083 | D:5      | Found a white marble altar of Elyvilon.
  7224 | D:5      | Reached skill level 5 in Stealth
  7283 | D:5      | Reached XP level 8. HP: 43/43 MP: 7/19
  7372 | D:5      | Learned a level 2 spell: Slow
  7451 | D:5      | Reached skill level 5 in Conjurations
  8046 | D:5      | Noticed Edmund
  8062 | D:5      | Killed Edmund
  8309 | D:5      | Killed Sigmund
  8847 | D:7      | Found a flagged portal.
  8860 | Bailey   | Entered a bailey
  9128 | Bailey   | Reached skill level 5 in Dodging
  9531 | Bailey   | Reached XP level 9. HP: 48/48 MP: 14/21
  9592 | Bailey   | Reached skill level 7 in Spellcasting
 11218 | D:6      | Found a staircase to the Ecumenical Temple.
 11227 | Temple   | Entered the Ecumenical Temple
 11231 | Temple   | Became a worshipper of Sif Muna the Loreminder
 11600 | D:6      | Reached skill level 1 in Hexes
 11703 | D:6      | Reached skill level 5 in Poison Magic
 12332 | D:7      | Found an opulent altar of Gozag.
 12515 | D:7      | Slain by an orc warrior

Skill      XL: |  1  2  3  4  5  6  7  8  9 |
---------------+----------------------------+-----
Stealth        | 3 4 5 6 |  6.3
Conjurations   | 2 3 4 5 6 |  6.4
Spellcasting   | 5 6 7 |  7.6
Poison Magic   | 1 2 3 5 |  5.1
Summonings     | 2 3 4 |  4.7
Dodging        | 3 4 5 |  5.9
Fire Magic     | 2 3 4 |  4.3
Axes           | 1 2 3 |  3.0
Fighting       | 1 2 |  2.9
Hexes          | 1 |  1.6
Translocations | |  1.1
Invocations    | |  0.2

Action                   |  1- 3 |  4- 6 |  7- 9 || total
-------------------------+-------+-------+-------++-------
Melee: Dagger            |     5 |    15 |       ||    20
       Hand axe          |       |     7 |    50 ||    57
 Cast: Magic Dart        |   108 |   183 |   429 ||   720
       Repel Missiles    |     1 |       |       ||     1
       Conjure Flame     |       |     2 |     6 ||     8
       Mephitic Cloud    |       |     8 |    43 ||    51
       Blink             |       |       |     3 ||     3
       Call Imp          |       |       |     8 ||     8
  Use: Scroll            |       |       |     9 ||     9
       Potion            |       |       |     2 ||     2
 Stab: Confused          |       |     2 |     3 ||     5
       Sleeping          |       |       |     3 ||     3
       Distracted        |       |       |     1 ||     1
  Eat: Chunk             |     3 |    12 |    10 ||    25
       Bread ration      |       |       |     2 ||     2
Armor: Robe              |     3 |    42 |    50 ||    95
Dodge: Dodged            |    14 |    99 |   175 ||   288
       Deflected         |       |     1 |     4 ||     5
